[Event "Titled Tuesday Blitz January 31 Early 2023"]
[White "Jiganchine, Roman"]
[Black "Hrbek, Stepan"]
[WhiteFideId "2603667"]
[BlackFideId "393479"]
[WhiteElo "2205"]
[BlackElo "2306"]
[Result "0-1"]
[Round "04"]
[TimeControl "180+2"]
[Date "2023.01.31"]
[WhiteClock "0:00:11"]
[BlackClock "0:00:48"]

1. e4 c5 2. Nf3 a6 3. c3 d5 4. exd5 Qxd5 5. d4 e6 6. Be3 cxd4 7. cxd4 Nf6 8. Nc3 Qd8 9. Bd3 Nc6 10. O-O Be7 11. Qe2 O-O 12. Rad1 Nb4 13. Bb1 b5 14. Ne5 Bb7 15. Rfe1 Rc8 16. Bg5 Nfd5 17. Bd2 Nxc3 18. bxc3 Nd5 19. Qe4 g6 20. Bh6 Re8 21. Nxf7 Qd7 22. Ne5 Qc7 23. Nxg6 Bf6 24. Qg4 Bg7 25. Ne5 Nxc3 26. Rc1 Kh8 27. Rxc3 Bxh6 28. Rxc7 Rxc7 29. f3 Bd2 30. Qh5 Rec8 31. Nf7+ Kg7 32. Qxh7+ Kf8 33. Qh8+ Kxf7 34. Qh5+ Ke7 35. Qh4+ Kd7 36. Rd1 Rc1 37. Rxc1 Rxc1+ 38. Kf2 Be1+ 39. Ke3 Bxh4 0-1


[Site "https://www.chess.com"]

[Event "Titled Tuesday Blitz January 31 Early 2023"]
[White "Hernandez Bonilla, Amelia"]
[Black "Pourkashiyan, Atousa"]
[WhiteFideId "3900193"]
[BlackFideId "12502014"]
[WhiteElo "1960"]
[BlackElo "2282"]
[Result "0-1"]
[Round "04"]
[TimeControl "180+2"]
[Date "2023.01.31"]
[WhiteClock "0:00:12"]
[BlackClock "0:01:49"]

1. d4 Nf6 2. Bf4 g6 3. Nc3 Bg7 4. e4 d6 5. Qd2 a6 6. Bd3 Nc6 7. Nge2 b5 8. a3 O-O 9. Bh6 e5 10. d5 Ne7 11. h4 Nh5 12. f3 f5 13. O-O-O f4 14. Bxg7 Kxg7 15. Rdg1 Rb8 16. g4 Nf6 17. Nd1 Bd7 18. Nf2 c5 19. h5 g5 20. h6+ Kh8 21. Nh3 Rg8 22. Rg2 c4 0-1


[Site "https://www.chess.com"]

[Event "Titled Tuesday Blitz January 31 Early 2023"]
[White "Sailer, Mike"]
[Black "Mushini Ajay"]
[WhiteFideId "2012901"]
[BlackFideId "35066188"]
[WhiteElo "2109"]
[BlackElo "2310"]
[Result "0-1"]
[Round "04"]
[TimeControl "180+2"]
[Date "2023.01.31"]
[WhiteClock "0:00:06"]
[BlackClock "0:00:22"]

1. d4 d5 2. Nf3 Nf6 3. Bf4 c5 4. e3 cxd4 5. exd4 Nc6 6. c3 Bg4 7. Be2 e6 8. O-O Bd6 9. Ne5 Bxe2 10. Qxe2 O-O 11. Nd2 Qc7 12. Bg3 Rab8 13. f4 b5 14. a3 a5 15. Bh4 Nd7 16. Rf3 b4 17. axb4 axb4 18. Rh3 bxc3 19. bxc3 Rbe8 20. Qd3 f5 21. Ra6 Ncxe5 22. fxe5 Bxe5 23. dxe5 Nc5 24. Qe2 Nxa6 25. Qxa6 Qxe5 26. Bf2 Ra8 27. Qf1 Ra2 28. Re3 Qf6 29. Nf3 Rfa8 30. Re1 Qxc3 31. Bd4 Qc4 32. Rxe6 Qxf1+ 33. Kxf1 h6 34. Re5 Rc8 35. Rxd5 Rc1+ 36. Ne1 Rd1 37. Rd7 Rad2 38. Rxg7+ Kf8 39. Rg6 Rxd4 40. Rxh6 Re4 41. Rf6+ Kg7 42. Rxf5 Rdxe1+ 43. Kf2 R4e2+ 44. Kg3 Rg1 45. Rg5+ Kh6 46. Kf3 Kxg5 0-1


[Site "https://www.chess.com"]

[Event "Titled Tuesday Blitz January 31 Early 2023"]
[White "Hartikainen, Jarmo"]
[Black "Liu, Casper"]
[WhiteFideId "503134"]
[BlackFideId "1454153"]
[WhiteElo "2108"]
[BlackElo "2278"]
[Result "0-1"]
[Round "04"]
[TimeControl "180+2"]
[Date "2023.01.31"]
[WhiteClock "0:00:01"]
[BlackClock "0:00:16"]

1. e4 e5 2. Nf3 Nf6 3. d4 Nxe4 4. Bd3 d5 5. Nxe5 Bd6 6. c4 c6 7. Nc3 Nxc3 8. bxc3 dxc4 9. Nxc4 Bc7 10. Ba3 Be6 11. O-O b5 12. Ne5 Bd6 13. Bxd6 Qxd6 14. Be4 O-O 15. Qf3 Bd5 16. Bxd5 Qxd5 17. a4 f6 18. Qxd5+ cxd5 19. Nd3 bxa4 20. Rxa4 Nd7 21. Rfa1 Rfc8 22. Rxa7 Rxa7 23. Rxa7 Rxc3 24. Ne1 Nb6 25. g3 Rc1 26. Kf1 Rd1 27. Rb7 Na4 28. Rb4 Nc3 29. f3 Rd2 30. h4 Kf7 31. Ng2 Ne2 32. Ke1 Ra2 33. Ne3 Nxg3 34. Nxd5 Kg6 35. Nf4+ Kf5 36. d5 Ke5 37. Rc4 Rh2 38. Kd1 Nf5 39. Rc5 Kxf4 40. Rc7 Rxh4 41. d6 Nxd6 42. Rxg7 Nf5 43. Rf7 Kg5 44. Ke2 Rh2+ 45. Kd3 h5 46. Ke4 h4 47. f4+ Kg4 48. Rf8 Re2+ 49. Kd3 h3 50. Rg8+ Kf3 51. Rh8 h2 52. Rh3+ Ng3 53. Rxg3+ Kxg3 54. Kxe2 h1=Q 55. Ke3 Qf3+ 56. Kd2 Qxf4+ 57. Kd3 Kf2 58. Kc3 Ke2 59. Kc2 Qc4+ 60. Kb2 Kd2 61. Ka3 Qb4+ 62. Kxb4 f5 0-1


[Site "https://www.chess.com"]

[Event "Titled Tuesday Blitz January 31 Early 2023"]
[White "Dwilewicz, Katarzyna"]
[Black "Ricaurte Lopez, Juan Carlos"]
[WhiteFideId "1148486"]
[BlackFideId "3600327"]
[WhiteElo "2115"]
[BlackElo "2226"]
[Result "1-0"]
[Round "04"]
[TimeControl "180+2"]
[Date "2023.01.31"]
[WhiteClock "0:01:07"]
[BlackClock "0:00:02"]

1. e4 e5 2. Nf3 Nc6 3. Bc4 Nf6 4. d3 Bc5 5. O-O d6 6. c3 Bb6 7. Bb3 Bg4 8. Nbd2 O-O 9. h3 Bh5 10. Re1 Re8 11. Nf1 d5 12. Ng3 Bg6 13. Bg5 dxe4 14. dxe4 Qxd1 15. Raxd1 Nh5 16. Nf5 Kf8 17. g4 Nf4 18. Bxf4 exf4 19. N3h4 Ne5 20. Kg2 Rad8 21. Nf3 Nd3 22. Re2 Bxf5 23. gxf5 Nc5 24. Rxd8 Rxd8 25. e5 Ke7 26. Bc4 a6 27. Ng5 f6 28. Nxh7 fxe5 29. Rxe5+ Kd6 30. Rd5+ Ke7 31. Rxd8 Kxd8 32. Ng5 Ke7 33. Kf3 1-0


[Site "https://www.chess.com"]

[Event "Titled Tuesday Blitz January 31 Early 2023"]
[White "Hertlein, Irena"]
[Black "Lopez Idarraga, Daniel Eduardo"]
[WhiteFideId "21817618"]
[BlackFideId "4405501"]
[WhiteElo "1994"]
[BlackElo "2009"]
[Result "1/2-1/2"]
[Round "04"]
[TimeControl "180+2"]
[Date "2023.01.31"]
[WhiteClock "0:00:49"]
[BlackClock "0:00:44"]

1. Nf3 Nf6 2. c4 e6 3. b3 d5 4. Bb2 a5 5. e3 a4 6. bxa4 Bd7 7. Nc3 Bb4 8. cxd5 exd5 9. Qb3 Qe7 10. Nb5 Bxb5 11. Bxb5+ c6 12. Bxf6 Qxf6 13. O-O Bd6 14. Be2 Qe7 15. Rab1 Ra7 16. Qb6 Rxa4 17. Qxb7 Qxb7 18. Rxb7 Rxa2 19. Rfb1 Nd7 20. Nd4 Rxd2 21. Bf3 c5 22. Nf5 Be5 23. g3 g6 24. Nh4 Ke7 25. Bg4 f5 26. Nxf5+ gxf5 27. Bxf5 Rd8 28. f4 Bd6 29. R1b6 c4 30. Rc6 Re2 31. e4 dxe4 32. Rxc4 e3 33. Re4+ Kf6 34. Bxd7 Re1+ 35. Kg2 e2 36. Kf2 Rh1 37. Rxe2 Rxh2+ 38. Kf3 Rxe2 39. Kxe2 Rf8 40. Kf3 Rf7 41. g4 Kg7 42. g5 Rxf4+ 43. Ke3 Rf7 44. Ke4 Bf4 45. Bc6 Bxg5 46. Rxf7+ Kxf7 47. Kf5 h6 48. Kg4 Kg6 49. Be8+ Kg7 50. Kh5 Bc1 51. Kg4 Bb2 52. Kh3 Ba1 53. Kg2 Kf6 54. Kh1 Kg5 55. Kg2 h5 56. Kh1 h4 57. Kg2 Kg4 58. Kh1 Kg3 59. Bd7 Bd4 60. Bh3 Bf6 61. Kg1 Kxh3 62. Kh1 Bg7 63. Kg1 Kg3 64. Kh1 h3 65. Kg1 Kg4 66. Kh1 Kh4 67. Kh2 Be5+ 68. Kh1 Bd4 69. Kh2 Kg4 70. Kh1 Bc5 71. Kh2 Be7 72. Kh1 Bh4 73. Kh2 Bg3+ 74. Kh1 Kf3 75. Kg1 Kf4 76. Kh1 Kf5 77. Kg1 Kg6 78. Kh1 Kf7 79. Kg1 Ke7 80. Kh1 Kd7 81. Kg1 Kc7 82. Kh1 Kb7 83. Kg1 Ka6 84. Kh1 Kb5 85. Kg1 Ka5 86. Kh1 Ka4 87. Kg1 Kb4 88. Kh1 Ka3 89. Kg1 Kb3 90. Kh1 Ka2 91. Kg1 Kb2 92. Kh1 Ka1 93. Kg1 Kb1 94. Kh1 Kc1 95. Kg1 Kc2 96. Kh1 Kc3 97. Kg1 Kc4 98. Kh1 Kc5 99. Kg1 Kc6 100. Kh1 Kc7 101. Kg1 Kc8 102. Kh1 Kd8 103. Kg1 Kd7 104. Kh1 Kd6 105. Kg1 Kd5 106. Kh1 Kd4 107. Kg1 Kd3 108. Kh1 Kd2 109. Kg1 Kd1 110. Kh1 Ke1 111. Kg1 Ke2 112. Kh1 Ke3 113. Kg1 Ke4 114. Kh1 Ke5 1/2-1/2


[Site "https://www.chess.com"]

[Event "Titled Tuesday Blitz January 31 Early 2023"]
[White "Rian, Kapriaga"]
[Black "Acosta Cruz, Oscar Yosimar"]
[WhiteFideId "7103263"]
[BlackFideId "5111269"]
[WhiteElo "2089"]
[BlackElo "2098"]
[Result "1-0"]
[Round "04"]
[TimeControl "180+2"]
[Date "2023.01.31"]
[WhiteClock "0:00:42"]
[BlackClock "0:00:05"]

1. d4 Nf6 2. Nf3 g6 3. Bg5 Bg7 4. Nbd2 h6 5. Bh4 d5 6. e3 O-O 7. Be2 c5 8. c3 Nc6 9. O-O Bf5 10. Qb3 Na5 11. Qa3 c4 12. b3 b5 13. Rfc1 Re8 14. Ne5 g5 15. Bg3 Bf8 16. b4 Nb7 17. Qa6 Nd6 18. a4 Bc8 19. Qa5 Qxa5 20. bxa5 Bf5 21. axb5 Nxb5 22. f3 Rec8 23. Bd1 a6 24. Ba4 Rab8 25. e4 dxe4 26. Ndxc4 Nh5 27. Be1 exf3 28. gxf3 Nf4 29. Nb6 Ne2+ 30. Kf2 Nxc1 31. Nxc8 Rxc8 32. Rxc1 Nd6 33. Bb3 Kg7 34. Bd2 f6 35. Ng4 Nc4 36. Bxc4 Rxc4 37. Ne3 Be4 1-0


[Site "https://www.chess.com"]

[Event "Titled Tuesday Blitz January 31 Early 2023"]
[White "Levine, David"]
[Black "Levitan, Caleb Levi"]
[WhiteFideId "2011611"]
[BlackFideId "14332620"]
[WhiteElo "2040"]
[BlackElo "2129"]
[Result "0-1"]
[Round "04"]
[TimeControl "180+2"]
[Date "2023.01.31"]
[WhiteClock "0:00:03"]
[BlackClock "0:00:06"]

1. d4 Nf6 2. c4 e6 3. g3 d5 4. Bg2 dxc4 5. Nf3 Bb4+ 6. Nc3 c5 7. O-O O-O 8. dxc5 Bxc5 9. Qa4 Nbd7 10. Qxc4 a6 11. Rd1 b5 12. Qd3 Bb7 13. a3 Qe7 14. b4 Ba7 15. Be3 Bxe3 16. Qxe3 Rfd8 17. h3 Rac8 18. Rac1 Nd5 19. Nxd5 Bxd5 20. Qa7 Rxc1 21. Rxc1 Qd6 22. Rc7 e5 23. Nh4 Bxg2 24. Kxg2 Qd5+ 25. Kh2 Nf6 26. Nf5 Qe6 27. g4 e4 28. Kg2 e3 29. Qxe3 Qd5+ 30. Qf3 Qxf3+ 31. Kxf3 Nd5 32. Ra7 g6 33. Ne3 Nc3 34. Rxa6 Rd2 35. g5 Nxe2 36. Ng4 Nd4+ 37. Ke3 Rd1 38. Ra8+ Kg7 39. Nf6 Nf5+ 40. Kf4 Ne7 41. h4 Nd5+ 42. Kg3 Nxf6 43. gxf6+ Kxf6 44. a4 Rd3+ 45. Kf4 Rd4+ 46. Ke3 Rxb4 47. axb5 Rxb5 48. Kf3 Rb4 49. Kg3 h5 50. Ra5 Rb3+ 51. f3 Rb1 52. Rc5 Rg1+ 53. Kh2 Rf1 54. Kg2 Rd1 55. Kg3 Ke6 56. Ra5 Rd5 57. Ra6+ Kf5 58. Ra7 f6 59. Ra4 g5 0-1


[Site "https://www.chess.com"]

[Event "Titled Tuesday Blitz January 31 Early 2023"]
[White "Kakulidis, Ellen"]
[Black "Martinez, Shawn"]
[WhiteFideId "1444972"]
[BlackFideId "2039770"]
[WhiteElo "2046"]
[BlackElo "1881"]
[Result "0-1"]
[Round "04"]
[TimeControl "180+2"]
[Date "2023.01.31"]
[WhiteClock "0:01:33"]
[BlackClock "0:02:05"]

1. d4 Nf6 2. c4 g6 3. Nc3 Bg7 4. e4 d6 5. Nf3 Nbd7 6. Be2 O-O 7. Bg5 c6 8. O-O Qc7 9. Qd2 e5 10. dxe5 dxe5 11. Rfd1 Nc5 12. Qc2 a5 13. Be3 Ne6 14. a3 Ng4 15. Bd2 Nd4 16. Nxd4 exd4 17. Na4 Qxh2+ 18. Kf1 Qh1# 0-1


[Site "https://www.chess.com"]

[Event "Titled Tuesday Blitz January 31 Early 2023"]
[White "Wilson, Elvin"]
[Black "Wickramasinghe, Minethma Lasandi"]
[WhiteFideId "2014874"]
[BlackFideId "9966170"]
[WhiteElo "2183"]
[BlackElo "1483"]
[Result "1-0"]
[Round "04"]
[TimeControl "180+2"]
[Date "2023.01.31"]
[WhiteClock "0:00:50"]
[BlackClock "0:00:32"]

1. c4 Nf6 2. g3 c5 3. Bg2 Nc6 4. Nc3 d6 5. e4 g6 6. Nge2 Bg7 7. O-O O-O 8. d3 e5 9. Nd5 Be6 10. Bg5 h6 11. Nxf6+ Bxf6 12. Bxh6 Re8 13. Qd2 Nd4 14. Nxd4 cxd4 15. f4 Kh7 16. f5 Bd7 17. h4 Rh8 18. Rf2 Kg8 19. Raf1 Bxh4 20. fxg6 fxg6 21. Rf8+ Qxf8 22. Rxf8+ Rxf8 23. Bxf8 Kxf8 24. gxh4 Rxh4 25. Qb4 Ke7 26. Qxb7 a5 27. Qc7 g5 28. c5 dxc5 29. Qxe5+ 1-0


[Site "https://www.chess.com"]

[Event "Titled Tuesday Blitz January 31 Early 2023"]
[White "Onslow, Alfie"]
[Black "Mohammadian, Mohammad"]
[WhiteFideId "436976"]
[BlackFideId "12566055"]
[WhiteElo "2157"]
[BlackElo "1398"]
[Result "1-0"]
[Round "04"]
[TimeControl "180+2"]
[Date "2023.01.31"]
[WhiteClock "0:01:45"]
[BlackClock "0:02:32"]

1. e4 e5 2. Bc4 Nf6 3. d3 Bc5 4. Nc3 c6 5. Nf3 d6 6. O-O O-O 7. a3 a5 8. Re1 Bg4 9. h3 Bh5 10. g4 Nxg4 11. hxg4 Bxg4 12. Kg2 Kh8 13. Rh1 f5 14. Ng5 Bxd1 15. Rxh7# 1-0


[Site "https://www.chess.com"]

[Event "Titled Tuesday Blitz January 31 Early 2023"]
[White "Kravtsiv, Martyn"]
[Black "Nakamura, Hikaru"]
[WhiteFideId "14113147"]
[BlackFideId "2016192"]
[WhiteElo "2598"]
[BlackElo "2775"]
[Result "0-1"]
[Round "05"]
[TimeControl "180+2"]
[Date "2023.01.31"]
[WhiteClock "0:00:02"]
[BlackClock "0:00:04"]

1. e4 g6 2. d4 Bg7 3. Nc3 a6 4. f4 b5 5. Nf3 Bb7 6. Bd3 d6 7. a4 b4 8. Ne2 Nd7 9. O-O c5 10. c3 Ngf6 11. e5 Nd5 12. Ng5 h6 13. Ne4 bxc3 14. bxc3 cxd4 15. cxd4 Nb4 16. exd6 O-O 17. Ba3 a5 18. Bxb4 axb4 19. f5 gxf5 20. Rxf5 e6 21. Rb5 Bxe4 22. Bxe4 Ra6 23. Qd2 Qh4 24. Bf3 Rxd6 25. Rxb4 Rd8 26. a5 Nc5 27. Rd1 Na6 28. Rc4 e5 29. Qd3 exd4 30. Ng3 Be5 31. Be4 Rf6 32. Rb1 Re8 33. Rc6 Nc7 34. Rxf6 Qxf6 35. Nf5 Ne6 36. Qb5 Rb8 37. Qf1 Rxb1 38. Qxb1 Nc5 39. g3 Qd8 40. Bd3 Qxa5 41. Nxh6+ Kf8 42. Ng4 Bd6 43. Nf2 Qd2 44. Qc2 Qe3 45. Kg2 Be7 46. Qe2 Bg5 47. Bc4 Qc3 48. Bd3 Qa3 49. Bf5 Be3 50. Nd3 Nb3 51. Kh3 Qa6 52. Qh5 Qf6 53. Qg4 Nd2 54. Kg2 Qc6+ 55. Kh3 Nf3 56. Qh5 Ng1+ 57. Kh4 Qf6+ 58. Kg4 Qg7+ 59. Kh4 Bg5+ 60. Kg4 Bh6+ 61. Kh4 Qf6+ 62. Kg4 Be3 63. Qh7 Qg5# 0-1


[Site "https://www.chess.com"]

[Event "Titled Tuesday Blitz January 31 Early 2023"]
[White "Sanal, Vahap"]
[Black "Samunenkov, Ihor"]
[WhiteFideId "6300545"]
[BlackFideId "14187086"]
[WhiteElo "2600"]
[BlackElo "2501"]
[Result "1-0"]
[Round "05"]
[TimeControl "180+2"]
[Date "2023.01.31"]
[WhiteClock "0:00:05"]
[BlackClock "0:00:04"]

1. Nf3 Nf6 2. g3 c5 3. Bg2 Nc6 4. O-O e5 5. c4 d5 6. cxd5 Nxd5 7. Nc3 Be6 8. d3 Be7 9. Bd2 O-O 10. Nxd5 Bxd5 11. Bc3 f6 12. Nd2 Rc8 13. a4 b6 14. Nc4 Be6 15. f4 exf4 16. gxf4 Qd7 17. Kh1 Kh8 18. Qe1 Nd4 19. Qf2 Rcd8 20. Ne3 f5 21. Nc4 Bf6 22. e3 Nc6 23. Bxf6 Rxf6 24. b3 Rff8 25. Rad1 Nb4 26. Ne5 Qe7 27. Qb2 Qf6 28. Bf3 Rd6 29. Rg1 Rfd8 30. d4 Bd5 31. Qg2 Bxf3 32. Qxf3 cxd4 33. exd4 Nc6 34. Qh5 Kg8 35. Qe2 Rxd4 36. Rxd4 Nxd4 37. Qc4+ Qe6 38. Qc7 Qd5+ 39. Rg2 Ne6 40. Qf7+ Kh8 41. h3 Qd1+ 42. Kh2 Qf1 43. Qxf5 Rf8 44. Nf7+ Kg8 45. Nh6+ Kh8 46. Nf7+ Kg8 47. Qxe6 Qxf4+ 48. Rg3 Qxf7 49. Qe5 Qf2+ 50. Rg2 Qf4+ 51. Qxf4 Rxf4 52. Rc2 a5 53. Rc8+ Kf7 54. Rc7+ Kg6 55. Rc6+ Rf6 56. Rc3 Kh6 57. Kg3 g5 58. Rd3 Kg6 59. Rc3 h5 60. Rd3 Rc6 61. h4 Rf6 62. hxg5 Kxg5 63. Rd5+ Rf5 64. Rd6 h4+ 65. Kg2 Rf6 66. Rd5+ Kg4 67. Rd4+ Rf4 68. Rd3 Re4 69. Rc3 Re2+ 70. Kf1 Re4 71. Kf2 h3 72. Rc8 Rf4+ 73. Kg1 Rb4 74. Rc3 Rf4 75. Rc6 Kg3 76. Rg6+ Rg4 77. Rxb6 Kf3+ 78. Kh2 Ke3 79. Rb5 Kd3 80. Rxa5 Kc3 81. Rb5 Rg2+ 82. Kxh3 Rg6 83. Kh4 Kd4 84. Kh5 Rg8 85. a5 Kc3 86. b4 Kc4 87. Rb6 Rg7 88. Kh6 Rg8 89. Kh7 Rg1 90. a6 Ra1 91. Kg7 Rf1 92. b5 Kc5 93. Rb7 Rf2 94. a7 Ra2 95. b6 Kc6 96. Rb8 1-0


[Site "https://www.chess.com"]

[Event "Titled Tuesday Blitz January 31 Early 2023"]
[White "Vakhlamov, Igor L."]
[Black "Mosadeghpour, Masoud"]
[WhiteFideId "24126748"]
[BlackFideId "12519278"]
[WhiteElo "2413"]
[BlackElo "2472"]
[Result "1/2-1/2"]
[Round "05"]
[TimeControl "180+2"]
[Date "2023.01.31"]
[WhiteClock "0:00:04"]
[BlackClock "0:00:06"]

1. e4 c5 2. Nf3 d6 3. Nc3 Nf6 4. d4 cxd4 5. Qxd4 Nc6 6. Bb5 e5 7. Qd3 Be7 8. Bg5 O-O 9. O-O a6 10. Bc4 Be6 11. Bb3 Rc8 12. Rad1 Nb4 13. Qe2 Bxb3 14. axb3 h6 15. Bxf6 Bxf6 16. Rd2 Qc7 17. Rc1 Rfd8 18. Nd5 Nxd5 19. Rxd5 b5 20. c3 Qa5 21. Rcd1 Be7 22. g3 Qb6 23. b4 Rc4 24. Nd2 Rcc8 25. Kg2 Qc6 26. Qd3 g6 27. Nb3 Kg7 28. Kg1 Qc4 29. Qxc4 Rxc4 30. Nd2 Rcc8 31. Nf1 f5 32. exf5 gxf5 33. Ne3 Kg6 34. f4 Re8 35. fxe5 dxe5 36. Rxe5 Bxb4 37. Rxe8 Rxe8 38. Nxf5 Bc5+ 39. Nd4 b4 40. Kf2 bxc3 41. bxc3 Rb8 42. Ra1 Rb2+ 43. Ke3 Rxh2 44. Rxa6+ Kf7 45. Ke4 Bxd4 46. cxd4 Re2+ 47. Kf4 Rd2 48. Ke5 Re2+ 49. Kf4 Rf2+ 50. Kg4 Rd2 51. Rd6 Ke7 52. Rd5 Ke6 53. Re5+ Kf6 54. Re4 Rd3 55. Kf4 h5 56. g4 hxg4 57. Kxg4 Rd1 58. Kf3 Kf5 59. Re5+ Kf6 60. Re4 Kf5 61. Re5+ Kf6 62. Re4 1/2-1/2


[Site "https://www.chess.com"]

[Event "Titled Tuesday Blitz January 31 Early 2023"]
[White "Vokhidov, Shamsiddin"]
[Black "Kilic, Eray"]
[WhiteFideId "14204223"]
[BlackFideId "44517173"]
[WhiteElo "2586"]
[BlackElo "2414"]
[Result "1/2-1/2"]
[Round "05"]
[TimeControl "180+2"]
[Date "2023.01.31"]
[WhiteClock "0:00:08"]
[BlackClock "0:00:06"]

1. e4 c5 2. Nf3 d6 3. Bb5+ Nd7 4. a4 Nf6 5. Nc3 a6 6. Be2 e5 7. a5 Be7 8. Bc4 O-O 9. d3 h6 10. O-O Re8 11. Nh4 b5 12. axb6 Nxb6 13. Bb3 d5 14. exd5 Nfxd5 15. Nxd5 Nxd5 16. Qf3 Be6 17. Nf5 Bf6 18. Ba4 Rf8 19. Re1 Rb8 20. c3 Bg5 21. Bc6 Bxc1 22. Raxc1 Nf4 23. Be4 Rxb2 24. Rb1 Rxb1 25. Rxb1 Bxf5 26. Bxf5 Qa5 27. g3 Ne6 28. Bxe6 fxe6 29. Qg4 Qxc3 30. Qxe6+ Kh8 31. Qxa6 Qc2 32. Rf1 Rd8 33. Qa5 Qxd3 34. Qxc5 e4 35. Re1 Qf3 36. Qc2 Re8 37. Qa4 Re5 38. Re3 Qf5 39. Qc6 Kh7 40. Kg2 Re6 41. Qc2 Re5 42. Kg1 h5 43. Qe2 Re6 44. Rb3 Rc6 45. Rb5 Qf3 46. Qd2 Rh6 47. Rb1 Re6 48. Re1 Rf6 49. Re3 Qg4 50. Qe1 Re6 51. f3 Qf5 52. Rxe4 Rc6 53. Rf4 Qc5+ 54. Kg2 Qc2+ 55. Kh3 Rd6 56. Qe5 Rg6 57. Rf5 Qc8 58. Kg2 Qc2+ 59. Kg1 Qc1+ 60. Kg2 Qc2+ 61. Kh3 Qc8 62. Kh4 Qd8+ 63. Kh3 Qc8 1/2-1/2


[Site "https://www.chess.com"]

[Event "Titled Tuesday Blitz January 31 Early 2023"]
[White "Hakobyan, Aram"]
[Black "Iliaguev, Nisim"]
[WhiteFideId "13306677"]
[BlackFideId "2817276"]
[WhiteElo "2608"]
[BlackElo "2402"]
[Result "1/2-1/2"]
[Round "05"]
[TimeControl "180+2"]
[Date "2023.01.31"]
[WhiteClock "0:02:01"]
[BlackClock "0:01:32"]

1. e4 Nf6 2. e5 Nd5 3. d4 d6 4. Nf3 dxe5 5. Nxe5 c6 6. Be2 Bf5 7. O-O Nd7 8. Nf3 e6 9. c4 N5f6 10. Nc3 Bd6 11. Nh4 O-O 12. Nxf5 exf5 13. g3 Re8 14. Bd3 g6 15. Bg5 Bf8 16. Qd2 Qb6 17. c5 Qc7 18. Rfe1 Bg7 19. b4 Nf8 20. Bc4 Ne6 21. Bxe6 Rxe6 22. Rxe6 fxe6 23. Bf4 Qd7 24. Be5 Rd8 25. Rd1 Nd5 26. Bxg7 Kxg7 1/2-1/2


[Site "https://www.chess.com"]

[Event "Titled Tuesday Blitz January 31 Early 2023"]
[White "Begmuratov, Khumoyun"]
[Black "Jones, Gawain C B"]
[WhiteFideId "14210207"]
[BlackFideId "409561"]
[WhiteElo "2387"]
[BlackElo "2618"]
[Result "1-0"]
[Round "05"]
[TimeControl "180+2"]
[Date "2023.01.31"]
[WhiteClock "0:00:09"]
[BlackClock "0:00:06"]

1. e4 e5 2. Nf3 Nc6 3. Nc3 Nf6 4. d4 exd4 5. Nxd4 Bb4 6. Nxc6 bxc6 7. Bd3 d5 8. exd5 O-O 9. O-O cxd5 10. h3 Be6 11. Qf3 h6 12. Ne2 c5 13. c3 Ba5 14. Bf4 Re8 15. Rad1 Bc7 16. Rfe1 Rb8 17. b3 Rb6 18. Bc2 Qb8 19. Bxh6 gxh6 20. Qxf6 Bxh3 21. Qh4 Bc8 22. Ng3 Rxe1+ 23. Rxe1 Re6 24. Rxe6 Bxe6 25. Qxh6 Bf4 26. Qh5 Qe5 27. Qxe5 Bxe5 28. Ne2 Kg7 29. f3 Kf6 30. b4 d4 31. cxd4 cxd4 32. a3 Bc4 33. Nc1 Bf4 34. Nd3 Be3+ 35. Kh2 Bxd3 36. Bxd3 Ke5 37. g3 Bc1 38. a4 Ba3 39. b5 Kd5 40. Kh3 Kc5 41. Kg4 Kb4 42. Kf5 Kxa4 43. Kf6 Kb3 44. Kxf7 Kc3 45. Bf1 d3 46. g4 d2 47. Be2 Kc2 48. g5 d1=Q 49. Bxd1+ Kxd1 50. g6 Bb2 51. f4 Kc2 52. f5 Kd3 53. f6 Kc4 54. g7 Kxb5 55. g8=Q 1-0


[Site "https://www.chess.com"]

[Event "Titled Tuesday Blitz January 31 Early 2023"]
[White "Andreikin, Dmitry"]
[Black "Halkias, Stelios"]
[WhiteFideId "4158814"]
[BlackFideId "4201809"]
[WhiteElo "2729"]
[BlackElo "2511"]
[Result "1-0"]
[Round "05"]
[TimeControl "180+2"]
[Date "2023.01.31"]
[WhiteClock "0:00:15"]
[BlackClock "0:00:02"]

1. Nf3 d5 2. g3 Nf6 3. Bg2 e6 4. O-O Be7 5. d3 O-O 6. a4 a5 7. Bf4 Nc6 8. Nc3 Nd7 9. e4 d4 10. Nb5 e5 11. Bd2 Nc5 12. Ne1 f5 13. exf5 Bxf5 14. Qb1 Qd7 15. Nf3 Bh3 16. Bxh3 Qxh3 17. Qd1 Bd6 18. Ng5 Qf5 19. Qe2 Nb4 20. Ne4 Nxe4 21. dxe4 Qg6 22. c3 d3 23. Qe3 Nc2 24. Qxd3 Nxa1 25. Rxa1 Kh8 26. Be3 Rf3 27. Nxd6 cxd6 28. Rd1 Rf6 29. Qd5 Raf8 30. Qxb7 h5 31. h4 Qg4 32. Rd2 Rf3 33. Kh2 Rxe3 34. fxe3 Rf1 35. Qb8+ Kh7 36. Qxd6 Qxe4 37. Rg2 Qb1 38. g4 Rh1+ 39. Kg3 Qe1+ 40. Kf3 Qf1+ 41. Kg3 Qe1+ 42. Kf3 Qf1+ 43. Kg3 hxg4 44. Qd5 Qe1+ 45. Kxg4 Qxh4+ 46. Kf5 Qf6+ 47. Ke4 Re1 48. Rh2+ Kg6 49. Rg2+ Kh7 50. Kd3 Qf1+ 51. Kc2 Rc1+ 52. Kb3 Rd1 53. Qe4+ Kh6 54. Qg6# 1-0


[Site "https://www.chess.com"]

[Event "Titled Tuesday Blitz January 31 Early 2023"]
[White "Babazada, Khazar"]
[Black "So, Wesley"]
[WhiteFideId "13413554"]
[BlackFideId "5202213"]
[WhiteElo "2474"]
[BlackElo "2760"]
[Result "1/2-1/2"]
[Round "05"]
[TimeControl "180+2"]
[Date "2023.01.31"]
[WhiteClock "0:00:14"]
[BlackClock "0:00:27"]

1. Nf3 d5 2. g3 Nf6 3. Bg2 c6 4. O-O Bg4 5. d4 e6 6. Nbd2 Be7 7. Re1 O-O 8. e4 Bh5 9. c3 a5 10. a4 Na6 11. Qb3 Rb8 12. Ne5 Nd7 13. Nxd7 Qxd7 14. Nf3 Bd6 15. exd5 exd5 16. Ne5 Qd8 17. Bf4 Nc7 18. Nd3 Bg6 19. Bxd6 Qxd6 20. Ne5 Bf5 21. Qb6 f6 22. Nf3 Ra8 23. Nd2 Ne6 24. Re3 Qc7 25. Qb3 Ng5 26. h4 Nf7 27. Rae1 Bd7 28. Re7 Rae8 29. Bh3 Qd8 30. Rxe8 Rxe8 31. Rxe8+ Qxe8 32. Bxd7 Qxd7 33. Qb6 Qe7 34. Qxa5 Nd6 35. Kf1 Kf7 36. Qb4 Qe6 37. Kg2 Ke7 38. Qb6 Kd7 39. Nb3 Qe4+ 40. Kh2 Qe2 41. Nc5+ Ke8 42. Kg1 Qe1+ 43. Kg2 Ne4 44. Nxe4 Qxe4+ 45. Kg1 Qe1+ 46. Kg2 Qe4+ 47. Kh2 Qe2 48. Kg2 Qe4+ 1/2-1/2


[Site "https://www.chess.com"]

[Event "Titled Tuesday Blitz January 31 Early 2023"]
[White "Caruana, Fabiano"]
[Black "Moroni, Luca Jr"]
[WhiteFideId "2020009"]
[BlackFideId "865834"]
[WhiteElo "2764"]
[BlackElo "2535"]
[Result "1-0"]
[Round "05"]
[TimeControl "180+2"]
[Date "2023.01.31"]
[WhiteClock "0:00:15"]
[BlackClock "0:00:01"]

1. d4 g6 2. e4 Bg7 3. Nc3 a6 4. h4 d5 5. exd5 Nf6 6. Nf3 Nbd7 7. Be2 Nb6 8. Ne5 Nbxd5 9. Nxd5 Nxd5 10. h5 Bf5 11. c3 c6 12. h6 Bf6 13. Ng4 Bxg4 14. Bxg4 O-O 15. O-O e5 16. dxe5 Bxe5 17. g3 Qc7 18. Kg2 Rad8 19. Qc2 Rfe8 20. Bf3 Bf6 21. Bd2 Ne7 22. Rfe1 Nf5 23. Bg4 Ne7 24. Bf4 Qb6 25. Re2 Nd5 26. Bd2 Rxe2 27. Bxe2 Re8 28. Bf3 Be7 29. Re1 Qd8 30. Qe4 Nf6 31. Qe5 Bf8 32. Qxf6 Qxf6 33. Rxe8 g5 34. Be3 Qf5 35. Bd4 f6 36. Bd1 Kf7 37. Bh5+ Kg8 38. Rd8 b6 39. Bf3 g4 40. Bxc6 Kf7 41. Bxb6 Kg6 42. Rxf8 Qe6 43. Be8+ Kxh6 44. Bd4 Qe4+ 45. Kh2 Kg7 46. Rxf6 Kg8 47. Bf7+ Kg7 48. Rf4+ Qxd4 49. cxd4 1-0


[Site "https://www.chess.com"]

[Event "Titled Tuesday Blitz January 31 Early 2023"]
[White "Anton Guijarro, David"]
[Black "Ter-Sahakyan, Samvel"]
[WhiteFideId "2285525"]
[BlackFideId "13302531"]
[WhiteElo "2690"]
[BlackElo "2617"]
[Result "0-1"]
[Round "05"]
[TimeControl "180+2"]
[Date "2023.01.31"]
[WhiteClock "0:00:05"]
[BlackClock "0:00:04"]

1. d4 Nf6 2. Nf3 d5 3. e3 c5 4. Be2 Nc6 5. O-O Bg4 6. h3 Bh5 7. dxc5 e6 8. a3 a5 9. c4 Bxc5 10. cxd5 exd5 11. Qb3 O-O 12. Rd1 Qd6 13. Nc3 Rfd8 14. Bd2 Qe7 15. Re1 Rd6 16. Rac1 Rdd8 17. Na4 Ba7 18. Bc3 Ne4 19. Nb6 Rab8 20. Bd4 Bxf3 21. Bxf3 Nd2 22. Qb5 Nxd4 23. exd4 Nxf3+ 24. gxf3 Qg5+ 25. Kf1 Qf5 26. Kg2 Qg6+ 27. Kf1 Qxb6 28. Qe2 Qa6 0-1


[Site "https://www.chess.com"]